 Dungeon Crawl Stone Soup version 0.28-a0-816-gb054d885db (webtiles) character file.

Game seed: 14323931562754199830

84 emperorscorpion the Skirmisher (level 4, -3/37 HPs)
             Began as a Djinni Berserker on Nov 9, 2021.
             Was a Follower of Trog.
             Killed from afar by an orc wizard (5 damage)
             ... with a magic dart
             ... on level 4 of the Dungeon.
             The game lasted 00:03:02 (232 turns).

emperorscorpion the Skirmisher (Djinni Berserker)    Turns: 232, Time: 00:03:04

Health: -3/37      AC:  2    Str: 17    XL:     4   Next: 74%
Gold:   0          EV: 12    Int:  9    God:    Trog [*.....] SH:  0 Dex: 12

rFire   + + .      SeeInvis .   a - +0 hand axe
rCold   x . .      Faith    .   (no shield)
rNeg    . . .      Spirit   .   b - +0 animal skin
rPois   ∞          Reflect  .   (no helmet)
rElec   .          Harm     .   (no cloak)
rCorr   .          Rampage  .   (no gloves)
Will    .....                   (boots unavailable)
Stlth   +.........              (no amulet)
HPRegen 0.12/turn               (no ring)
MPRegen 0.00/turn               (no ring)

@: confused, on berserk cooldown, flying, slowed, very slow
A: sickness immunity, fire resistance 2, cold vulnerability 1, float, innate
caster, hp casting, extra vitality 1
a: Renounce Religion, Berserk


You were on level 4 of the Dungeon.
You worshipped Trog.
Trog was aware of your devotion.
You visited 1 branch of the dungeon, and saw 4 of its levels.

Inventory:

Hand Weapons
 a - a +0 hand axe (weapon)
Armour
 b - a +0 animal skin (worn)
Magical Staves
 d - a staff of earth
 f - a staff of air
Scrolls
 e - 3 scrolls of enchant armour


   Skills:
 + Level 3.8 Fighting
 + Level 3.4 Axes
 + Level 2.2 Armour
 + Level 2.5 Dodging


You had 2 spell levels left.
You knew the following spells:

 Your Spells              Type           Power      Damage    Failure   Level
a - Beastly Appendage     Tmut           0%         N/A       38%         1
Your spell library was empty.

Dungeon Overview and Level Annotations

Branches:
Dungeon (4/15)
 Temple: D:4-7

Altars:


Innate Abilities, Weirdness & Mutations

You are immune to sickness and miasma.
You are immune to poison.
Your flesh is very heat resistant. (rF++)
You are vulnerable to cold. (rC-)
You float through the air rather than walking.
You learn spells naturally, not from books.
Your magical power is your life essence.
You have superior vitality. (+4 HP)


Message History

You slash something!
A puff of flame appears from out of thin air!
The puff of flame hits something!
Reactivating autopickup.
You feel a bit more experienced.
You hear some strange, mumbled words.
A puff of flame appears from out of thin air!
Deactivating autopickup; reactivate with Ctrl-A.
The puff of flame misses you.
Things that are here:
a jackal corpse; a jackal corpse You feel a strong urge to attack something.
You are no longer berserk.
You are exhausted.
You feel yourself slow down. The orc closely misses you.
You aren't carrying any potions.
You are too confused!
You slash the orc!
You kill the orc!
Trog accepts your kill.
You hit the orc. The orc closely misses you.
The orc hits you but does no damage.
You feel less confused.
You hear some strange, mumbled words.
You are confused.
You closely miss the orc.
The orc is heavily wounded.
You hit something. The orc barely misses you.
You hear some strange, mumbled words.
A puff of flame appears from out of thin air!
The puff of flame misses you. The orc hits you with a +0 club.
* * * LOW HITPOINT WARNING * * *
You closely miss something. You hit the orc but do no damage.
Something hits you.
* * * LOW HITPOINT WARNING * * *
The orc barely misses you.
You hear some strange, mumbled words.
A magic dart appears from out of thin air!
The magic dart hits you.
You die...

# .#. ....
###....
##......>
###.......#
##..........
#@{.........
##o)........
##†)....#..
#.†...##
##...##
#####


You could see an orc.

Vanquished Creatures
  Terence (D:2)
  3 adders
  An orc (D:4)
  An endoplasm (D:2)
  A giant cockroach (D:2)
  2 goblins (D:2)
  3 hobgoblins
  4 jackals (D:4)
  2 ball pythons
18 creatures vanquished.

Vanquished Creatures (others)
  An orc wizard (D:4)
  A plant (D:3)
2 creatures vanquished.

Grand Total: 20 creatures vanquished

Notes
Turn   | Place    | Note
-------+----------+-------------------------------------------
     0 | D:1      | emperorscorpion the Djinni Berserker began the quest for
                  | the Orb.
     0 | D:1      | Reached XP level 1. HP: 20/20 MP: 0/0
    29 | D:2      | Noticed Terence
    39 | D:2      | Killed Terence
    40 | D:2      | Reached XP level 2. HP: 25/25 MP: 0/0
    40 | D:2      | Reached XP level 3. HP: 30/30 MP: 0/0
    40 | D:2      | Learned a level 1 spell: Beastly Appendage
   150 | D:2      | Reached XP level 4. HP: 22/35 MP: 0/0
   182 | D:2      | You are sucked into a shaft and drop 1 floor!
   232 | D:4      | Killed from afar by an orc wizard

Illustrated notes

Levels and vault maps discovered:
D:1:      heliophobic_arrival_henge, layout_loops_corners,
          chequers_ecumenical_altar_island
D:2:      layout_basic, uniq_terence
D:3:      layout_basic, led_sif_pool, serial_bayou_ford_a, chequers_garden,
          uniq_natasha
D:4:      layout_cave_pools, grunt_temple_overflow_diamond,
          kennysheep_mini_moat, amcnicky_altar_gilded

Skill      XL: |  1  2  3 |
---------------+----------+-----
Axes           | 3 |  3.4
Fighting       | |  3.8
Armour         | |  2.2
Dodging        | |  2.5

Action                   |  1- 3 |  4- 6 || total
-------------------------+-------+-------++-------
Melee: Hand axe          |    27 |    17 ||    44
Invok: Berserk           |     3 |     1 ||     4
  Use: Potion            |     1 |       ||     1
       Scroll            |       |     1 ||     1
Armor: Animal skin       |     1 |     3 ||     4
Dodge: Dodged            |    18 |    17 ||    35

Table legend: (Time is in decaauts)
 A = Elapsed time spent in this place.
 B = Non-inter-level travel time spent in this place.
 C = Inter-level travel time spent in this place.
 D = Time resting spent in this place.
 E = Time spent auto-exploring this place.
 F = Levels seen in this place.
 G = Mean time per level.
                   A        B        C        D        E       F      G
               +--------+--------+--------+--------+--------+-----+--------+
         Total |    259 |    259 |      0 |      0 |      7 |   4 |   64.8 |
       Dungeon |    259 |    259 |      0 |      0 |      7 |   4 |   64.8 |
               +--------+--------+--------+--------+--------+-----+--------+

Top non-repeatable levels by time:
     D:2: 179 daAuts
     D:3: 41 daAuts
     D:1: 20 daAuts
     D:4: 18 daAuts
